 Dungeon Crawl Stone Soup version 0.29.1-15-g9cfb28693d (webtiles) character file.

Game seed: 14014011528660408837

303 Arctor the Magician (level 6, -1/32 HPs)
             Began as a Deep Elf Fire Elementalist on Mar 1, 2023.
             Succumbed to an adder's poison
             ... in a sewer.
             The game lasted 00:03:53 (3127 turns).

Arctor the Magician (Deep Elf Fire Elementalist)    Turns: 3127, Time: 00:03:53

Health: -1/32      AC:  2    Str:  5    XL:     6   Next: 15%
Magic:  8/14       EV: 11    Int: 22    God:
Gold:   71         SH:  8    Dex: 15    Spells: 10/13 levels left

rFire   . . .      SeeInvis .   q - +0 dagger (protect)
rCold   . . .      Faith    .   u - +0 kite shield
rNeg    . . .      Spirit   .   a - +0 robe
rPois   .          Reflect  .   (no helmet)
rElec   .          Harm     .   (no cloak)
rCorr   .          Rampage  .   (no gloves)
Will    .....      Rage     3%  (no boots)
Stlth   ++........              (no amulet)
HPRegen 0.10/turn               (no ring)
MPRegen 0.14/turn               (no ring)

@: lethally poisoned (-1 -> -10), attractive, very slightly contaminated, very
slow
A: berserk 1, deterioration 1, wild magic 1
a: no special abilities


You were in a sewer.
You visited 1 branch of the dungeon, and saw 4 of its levels.
You also visited: Sewer.

You collected 71 gold pieces.

Inventory:

Hand Weapons
 n - a +0 dagger
 q - a +0 dagger of protection (weapon)
Armour
 a - a +0 robe (worn)
 u - a +0 kite shield (worn)
Jewellery
 s - a ring of protection from cold
Scrolls
 c - a scroll of blinking {unknown}
 e - a scroll of silence {unknown}
 j - 2 scrolls of teleportation {unknown}
 k - a scroll of poison {unknown}
 l - a scroll of vulnerability {unknown}
 m - a scroll of acquirement {unknown}
 o - 4 scrolls of identify {unknown}
 r - a scroll of amnesia {unknown}
 v - a scroll of torment {unknown}
 w - a scroll of magic mapping {unknown}
 y - a scroll of enchant weapon {unknown}
Potions
 b - a potion of magic
 d - a potion of mutation
 g - a potion of curing {unknown}
 h - a potion of flight {unknown}
 i - 2 potions of invisibility {unknown}
 p - a potion of cancellation {unknown}
 t - a potion of lignification {unknown}
 x - a potion of resistance {unknown}
 z - a potion of berserk rage {unknown}


   Skills:
 + Level 3.9 Dodging
 + Level 4.1 Stealth
 + Level 1.2 Shields
 + Level 4.4 Spellcasting
 + Level 3.0 Conjurations
 + Level 4.4 Fire Magic


You had 10 spell levels left.
You knew the following spells:

 Your Spells              Type           Power      Damage    Failure   Level
a - Foxfire               Conj/Fire      100%       2x1d9     12%         1
b - Scorch                Fire           62%        2d8       13%         2

Your spell library contained the following spells:

 Spells                   Type           Power      Damage    Failure   Level
 Conjure Flame            Conj/Fire      27%        6-21      32%         3
 Inner Flame              Hex/Fire       19%        N/A       50%         3
 Flame Wave               Conj/Fire      27%        2d9       69%         4


Dungeon Overview and Level Annotations

Branches:
Dungeon (4/15)              Sewer (1/1)
 Temple: D:4-7

Altars:
Dithmenos


Innate Abilities, Weirdness & Mutations

You sometimes lose your temper in combat.
Your body sometimes deteriorates upon taking damage.
Your spells are a little harder to cast, but a little more powerful.


Message History

Unknown command.
Unknown command.
Unknown command.
Unknown command.
Casting: Foxfire (safe; 11% risk of failure)
Confirm with . or Enter, or press ? or * to list all spells.
You conjure some foxfire!
You feel sick.
The foxfire hits the bullfrog.
You kill the bullfrog!
The foxfire hits the frilled lizard!
You kill the frilled lizard!
The adder closely misses you.
The bullfrog is engulfed in a cloud of scalding steam.
You kill the bullfrog!
The adder bites you.
You are lethally poisoned!
The adder poisons you! The adder barely misses you.
Your Stealth skill increases to level 4!
Your Shields skill increases to level 1!
You have reached level 6!
Casting: Foxfire (safe; 9% risk of failure)
Confirm with . or Enter, or press ? or * to list all spells.
You conjure some foxfire!
You are engulfed in a cloud of scalding steam.
* * * LOW HITPOINT WARNING * * *
x2 You feel very sick.
The foxfire hits the adder!
The adder is severely wounded.
The foxfire hits the adder!
You kill the adder!
The adder is engulfed in a cloud of scalding steam.
You kill the adder!
Your Conjurations skill increases to level 3!
It was a potion of mutation.
You feel extremely strange.
You feel yourself wasting away.
You feel a little pissed off.
You feel less in control of your magic.
* * * LOW HITPOINT WARNING * * *
You feel sick.
It was a potion of attraction.
You feel attractive to monsters.
You die...

....##
.....##
##. ..##
......#
+.. ...#
......##
#......#
#......#
#......#
##~~...#
#§.~~..#
#≈≈≈≈~≈#
#§≈#§≈≈#
#≈≈≈≈~≈#
#≈§v≈§≈#
#≈≈≈≈~≈#
#§§@§§≈#
#≈≈≈~≈≈#
#≈≈§~v≈#
#≈~~≈≈≈#
#≈≈≈~≈≈#
#~≈≈≈≈≈#
#≈≈≈#~≈#
#~~≈≈≈≈#
#≈≈≈≈.≈#
##.~.~##
#≈≈≈≈.≈#
#...(.≈#
#≈≈≈≈~≈#
#≈...~≈#
#≈≈≈~≈≈#
#≈≈≈≈~~#
#≈≈≈~≈≈#


There were no monsters in sight!

Vanquished Creatures
  2 bullfrogs (Sewer)
  An iguana (D:2)
  2 river rats (Sewer)
  8 adders
  A worm (D:2)
  11 ball pythons
  A bat (D:1)
  2 endoplasms
  A giant cockroach (D:1)
  2 goblins
  3 hobgoblins
  2 jackals (D:1)
  3 quokkas
  6 frilled lizards
  3 kobolds (D:1)
  17 rats
65 creatures vanquished.

Vanquished Creatures (others)
  257 foxfires
257 creatures vanquished.

Grand Total: 322 creatures vanquished

Notes
Turn   | Place    | Note
-------+----------+-------------------------------------------
     0 | D:1      | Arctor the Deep Elf Fire Elementalist began the quest for
                  | the Orb.
     0 | D:1      | Reached XP level 1. HP: 10/10 MP: 6/6
   323 | D:1      | Reached XP level 2. HP: 15/15 MP: 4/8
   886 | D:1      | Found a faded altar of an unknown god.
  1680 | D:2      | Reached XP level 3. HP: 4/19 MP: 3/10
  2059 | D:2      | You fall into a shaft and drop 2 floors!
  2075 | D:4      | Noticed a scorpion
  2117 | D:3      | Found a shadowy altar of Dithmenos.
  2308 | D:3      | Reached XP level 4. HP: 22/24 MP: 9/11
  2365 | D:3      | Found a glowing drain.
  2378 | Sewer    | Entered a sewer
  2715 | Sewer    | Learned a level 2 spell: Scorch
  2955 | Sewer    | Reached XP level 5. HP: 28/28 MP: 8/13
  3125 | Sewer    | Reached skill level 1 in Shields
  3125 | Sewer    | Reached XP level 6. HP: 16/32 MP: 8/14
  3126 | Sewer    | Gained mutation: Your body sometimes deteriorates upon
                  | taking damage. [potion of mutation]
  3126 | Sewer    | Gained mutation: You sometimes lose your temper in combat.
                  | [potion of mutation]
  3126 | Sewer    | Gained mutation: Your spells are a little harder to cast,
                  | but a little more powerful. [potion of mutation]
  3126 | Sewer    | HP: 1/32 [poisoned by an adder]
  3127 | Sewer    | Succumbed to an adder's poison

Illustrated notes

Levels and vault maps discovered:
D:1:      minmay_arrival_four_circles, layout_basic,
          hellmonk_ecumenical_altar_arch_garden
D:2:      layout_basic, uniq_natasha
D:3:      layout_loops_ring, nicolae_dithmenos_through_a_glass_darkly,
          cheibrodos_sewer_entry_bend, cheibrodos_gnoll_hut
D:4:      layout_rooms, kennysheep_mini, corner_web_ring
Sewer:    sewer_minmay_w

Skill      XL: |  1  2  3  4  5  6 |
---------------+-------------------+-----
Dodging        | 3 |  3.9
Stealth        | 3 4 |  4.1
Conjurations   | 2 3 |  3.0
Fire Magic     | 4 |  4.4
Spellcasting   | 4 |  4.4
Shields        | 1 |  1.2

Action                   |  1- 3 |  4- 6 || total
-------------------------+-------+-------++-------
Melee: Unarmed           |    10 |       ||    10
       Dagger            |    16 |     1 ||    17
 Cast: Foxfire           |    83 |    63 ||   146
  Use: Potion            |       |     2 ||     2
 Stab: Sleeping          |     1 |       ||     1
Armor: Robe              |     7 |     6 ||    13
Dodge: Dodged            |    26 |    16 ||    42
Block: Kite shield       |     3 |     6 ||     9
